Cogmind - Beta 17 @@@ ROGUE MODE // 2026.06.28 @ 01:56:19 Player: LN-5RVR Result: Destroyed by S-10 Pest with Light Assault Rifle Performance ------------- Evolutions (1) 500 Regions Visited (2) 400 Robots Destroyed (19) 95 Value Destroyed (517) 517 Prototype IDs (0) 0 Alien Tech Used (0) 0 Bonus (0) 0 TOTAL SCORE: 1512 Bonus ------- None Cogmind --------- Core Integrity 0/400 Matter 300/300 Energy 125/125 System Corruption 0% Temperature Cool (0) Movement Treading (160) Location -9/Materials Parts ------- > --- POWER (1) -------- Light Ion Engine > --- PROPULSION (3) --- Light Treads Light Treads Flight Unit > --- UTILITY (3) ------ (None) > --- WEAPON (2) ------- Beam Rifle Beam Cannon > --- INVENTORY (5) ---- Ion Engine Wheel Wheel Compact Wheel High-capacity Storage Unit Peak State ------------ > --- POWER ------------ Light Nuclear Core > --- PROPULSION ------- Light Treads Light Treads > --- UTILITY ---------- Small Storage Unit High-capacity Storage Unit > --- WEAPON ----------- Assault Rifle Assault Rifle > --- INVENTORY -------- Ion Engine Light Ion Engine Light Treads Wheel Wheel EM Pulse Gun [Rating: 9] Favorites ----------- Power Ion Engine Engine Ion Engine Power Core Light Nuclear Core Propulsion Light Treads Treads Light Treads Wheel Wheel Flight Unit Flight Unit Utility Small Storage Unit Storage Small Storage Unit Weapon Assault Rifle Energy Gun Beam Rifle Energy Cannon Beam Cannon Ballistic Gun Assault Rifle Build | -11 -10 -9 ------- Run | Yrd Mat Mat Slots Evolved 2 | . . 2 Power . | . . . Propulsion 1 | . . 1 Utility 1 | . . 1 Weapon . | . . . Parts Attached 18 | 6 2 10 Power 3 | 1 1 1 Engine 2 | 1 . 1 Core 1 | . 1 . Reactor . | . . . Propulsion 8 | 2 . 6 Treads 5 | 2 . 3 Leg . | . . . Wheel 2 | . . 2 Hover . | . . . Flight 1 | . . 1 Utility 2 | 1 1 . Device . | . . . Storage 2 | 1 1 . Processor . | . . . Hackware . | . . . Protection . | . . . Artifact . | . . . Weapon 5 | 2 . 3 Energy Gun 2 | . . 2 Energy Cannon 1 | . . 1 Ballistic Gun 2 | 2 . . Ballistic Cannon . | . . . Launcher . | . . . Special Weapon . | . . . Impact Weapon . | . . . Slashing Weapon . | . . . Piercing Weapon . | . . . Special Melee Weapon . | . . . Unidentified Prototypes . | . . . Parts Lost 8 | . . 8 Power 1 | . . 1 Propulsion 3 | . . 3 Utility 1 | . . 1 Weapon 3 | . . 3 Highest Loss Streak 8 | . . 8 To Critical Strikes . | . . . Average Backups 4 | 1 4 5 Power 1 | . 1 1 Propulsion 2 | . 2 2 Utility . | . . 1 Weapon . | . 1 . Tool/Special . | . . . Unused Backups . | . . . Power . | . . . Propulsion . | . . . Utility . | . . . Weapon . | . . . Tool/Special . | . . . Average Slot Usage (%) 66 | . 85 51 Engine 7 | . 10 4 Core 4 | . 3 4 Treads 21 | . 28 16 Flight 2 | . . 4 Storage 9 | . 14 5 Energy Gun 1 | . . 2 Energy Cannon 2 | . . 4 Ballistic Gun 16 | . 28 6 Peak Build Rating 9 | 6 9 9 Average Rating 5 | 5 6 5 On Entrance 4 | . 6 8 Avg Prop Armor Cover (%) 3 | . . 3 Naked Turns 2 | . . 2 Heaviest Build 14 | 14 14 14 Greatest Support 60 | 40 40 60 Greatest Overweight (x) 1 | . . 1 Average Overweight (x) . | . . . Largest Inventory Capacity 20 | 8 20 8 Average Capacity 7 | 7 8 6 Most Carried 7 | 4 7 7 Average Carried 4 | 1 4 5 Final Capacity 8 | 8 8 5 Final Carried 7 | 4 7 5 Class Distribution -------------------- 92% | Mutant 7% | Scavenger-Mutant Dominant Class ---------------- Mutant | -10/Materials Mutant | -9/Materials Resources | -11 -10 -9 ----------- Run | Yrd Mat Mat Matter Collected 582 | 116 358 108 Remotely . | . . . Salvage Created 626 | . 329 297 Parts 39 | . 20 19 Haulers Intercepted . | . . . Recyclers Shooed . | . . . Parts Field Recycled . | . . . Retrieved Matter . | . . . Parts Self-Destructed . | . . . Prevented . | . . . Parts Restored . | . . . Kills | -11 -10 -9 ------- Run | Yrd Mat Mat Combat Hostiles Destroyed 16 | . 7 9 Guns 13 | . 7 6 Cannons 3 | . . 3 Classes Destroyed 4 | . 2 2 Watcher 3 | . 2 1 Swarmer 5 | . . 5 Grunt 9 | . 7 2 Sentry 2 | . . 2 Best Kill Streak 3 | . 3 3 Combat Bots Only 3 | . 3 3 Max Kills in Single Turn 1 | . 1 1 Gunslinging . | . . . Exploded . | . . . Melee . | . . . Uniques/NPCs Destroyed . | . . . Combat | -11 -10 -9 -------- Run | Yrd Mat Mat Hostile Shots Fired 199 | . 44 155 Missed 53 | . 14 39 Hits 146 | . 30 116 Projectile 146 | . 30 116 Critical Strikes 2 | . 1 1 Damage Taken 1548 | . 355 1193 Core 450 | . 45 405 Absorbed by Shields . | . . . Core Remaining (%) 91 | 100 82 . Volleys Fired 65 | . 34 31 Largest 2 | . 2 2 Hottest 116 | . 40 116 Shots Fired 108 | . 68 40 Gun 95 | . 68 27 Cannon 13 | . . 13 Launcher . | . . . Special . | . . . Kinetic 84 | . 68 16 Thermal 14 | . . 14 Explosive . | . . . Electromagnetic 10 | . . 10 Robot Hit Streak 12 | . 12 5 Robot Miss Streak 5 | . 5 3 Penetration Max . | . . . Secondary Targets 5 | . 3 2 Max Gunslinging Chain 1 | . 1 1 Shots Hit Robots 71 | . 47 24 Core Hits 33 | . 16 17 Critical Kills . | . . . Critical Parts Destroyed . | . . . Critical Strikes . | . . . Melee Attacks . | . . . Impact . | . . . Slashing . | . . . Piercing . | . . . Sneak Attacks . | . . . Combat Hostiles . | . . . Follow-up Attacks . | . . . Damage Inflicted 997 | . 578 419 Guns 790 | . 578 212 Cannons 142 | . . 142 Explosions . | . . . Melee . | . . . Ramming 65 | . . 65 Kinetic 679 | . 578 101 Thermal 157 | . . 157 Explosive . | . . . Electromagnetic 96 | . . 96 Impact . | . . . Slashing . | . . . Piercing . | . . . Highest Corruption . | . . . Average Corruption . | . . . Corruption Purged . | . . . Corruption Blocked . | . . . Overload Shots . | . . . Overflow Damage . | . . . Projectiles . | . . . Explosions . | . . . Melee . | . . . Knockbacks . | . . . Impact . | . . . Kinetic . | . . . Secondary . | . . . Self-Inflicted Damage 21 | . . 21 Shots . | . . . Rammed 40 | . . 40 Targets Rammed 40 | . . 40 Kicked . | . . . Crushed . | . . . Highest Temperature 134 | . 20 134 Average Temperature 30 | . 6 36 Received Heat Transfer 522 | . 213 309 Siege Activations . | . . . Martial Activations . | . . . Shielding Activations . | . . . Robots Disrupted . | . . . Combat Hostiles . | . . . Robots Corrupted . | . . . Combat Hostiles . | . . . Parts Fried . | . . . Impact Corruptions 1 | . . 1 Robots Melted . | . . . Combat Hostiles . | . . . Parts Melted 2 | . . 2 Heat Transferred 333 | . . 333 Parts Sabotaged . | . . . Parts Stolen . | . . . Parts Stripped . | . . . Power Chain Reactions . | . . . Alert | -11 -10 -9 ------- Run | Yrd Mat Mat Maximum Alert Level . | . . . Low Security (%) 100 | 100 100 100 Level 1 . | . . . Level 2 . | . . . Level 3 . | . . . Level 4 . | . . . Level 5 . | . . . High Security . | . . . Max Security . | . . . Peak Influence 135 | . 77 135 Initial 14 | . . 14 Average 42 | . 34 55 Influence Increases 508 | . 199 309 Destroy 0b10 Robot/C 320 | . 140 180 Destroy 0b10 Robot/NC 15 | . 10 5 Destroy Leader 76 | . 34 42 Successful Hack 7 | . . 7 Disable Machine 15 | . 15 . Lose Combat Pursuer 75 | . . 75 Influence Decreases 469 | . 165 304 Entered New Map 20 | . . 20 Time Decay 334 | . 130 204 Lost Part 80 | . . 80 Purge Threat 35 | . 35 . Squads Dispatched 3 | . 3 . Investigation 1 | . 1 . Extermination . | . . . Reinforcement 2 | . 2 . Assault . | . . . Garrison . | . . . Intercept . | . . . Searches Triggered . | . . . Construction Impeded . | . . . Haulers Reinforced . | . . . Active Scanning Responses . | . . . Cargo Convoy Interrupts . | . . . Stealth | -11 -10 -9 --------- Run | Yrd Mat Mat Distress Signals 2 | . 2 . Communications Jammed . | . . . Distress Signals . | . . . Times Spotted 33 | . 15 18 Peak Tracking Total 6 | . 4 6 Tactical Retreats 3 | . . 3 Traps | -11 -10 -9 ------- Run | Yrd Mat Mat Traps Triggered . | . . . Indirectly . | . . . Trap Hack Attempts . | . . . Triggered . | . . . Disarmed . | . . . Reprogrammed . | . . . Reused . | . . . Traps Extracted . | . . . Installed . | . . . Triggered . | . . . Machines | -11 -10 -9 ---------- Run | Yrd Mat Mat Machines Disabled 1 | . 1 . Max in Single Turn 1 | . 1 . Machines Repaired . | . . . Machines Dismantled . | . . . Machines Sabotaged . | . . . Overloaded Fab Kills . | . . . Hacking | -11 -10 -9 --------- Run | Yrd Mat Mat Machines Accessed 4 | . 2 2 Terminals 4 | . 2 2 Fabricators . | . . . Repair Stations . | . . . Recycling Units . | . . . Scanalyzers . | . . . Garrison Access . | . . . Total Hacks 14 | . 8 6 Successful 6 | . 4 2 Failed 8 | . 4 4 Catastrophic 2 | . 1 1 Database Lockouts . | . . . Manual 6 | . 5 1 Terminals 14 | . 8 6 Fabricators . | . . . Repair Stations . | . . . Recycling Units . | . . . Scanalyzers . | . . . Garrison Access . | . . . Terminal Hacks 6 | . 4 2 Record 4 | . 3 1 Branch Access Points 1 | . . 1 Unreport Threat 1 | . 1 . Fabricator Hacks . | . . . Repair Station Hacks . | . . . Recycling Unit Hacks . | . . . Scanalyzer . | . . . Garrison Access Hacks . | . . . Unauthorized Hacks . | . . . Terminals . | . . . Fabricators . | . . . Repair Stations . | . . . Recycling Units . | . . . Scanalyzers . | . . . Garrison Access . | . . . Data Cores Recovered . | . . . Used . | . . . Hacking Detections 4 | . 2 2 Full Trace Events 1 | . 1 . Feedback Events . | . . . Feedback Blocked . | . . . Robot Schematics Acquired . | . . . Robots Built . | . . . Authchips . | . . . Time . | . . . Total Robot Build Rating . | . . . Part Schematics Acquired . | . . . Parts Built . | . . . Authchips . | . . . Time . | . . . Total Part Build Rating . | . . . Part Studies Acquired . | . . . Parts Repaired . | . . . Time . | . . . Parts Recycled . | . . . Recycled Matter . | . . . Retrieved Matter . | . . . Retrieved Components . | . . . Parts Scanalyzed . | . . . Part Schematics Acquired . | . . . Parts Damaged . | . . . Bothacking | -11 -10 -9 ------------ Run | Yrd Mat Mat Used RIF Installer . | . . . Robots Hacked . | . . . Non-combat . | . . . Combat . | . . . Robot Hacks Applied . | . . . Relay Couplers Released . | . . . Fabnet Peak Effective % . | . . . Robots Rewired . | . . . Allies Hacked . | . . . Hacks Repelled . | . . . Allies | -11 -10 -9 -------- Run | Yrd Mat Mat Total Allies . | . . . Largest Group . | . . . Highest-Rated Group . | . . . Highest-Rated Ally . | . . . Total Orders . | . . . Ally Attacks . | . . . Total Damage . | . . . Kills . | . . . Allies Corrupted . | . . . Allies Melted . | . . . Intel | -11 -10 -9 ------- Run | Yrd Mat Mat Active Infowar (turns) . | . . . Robot Analysis Total . | . . . Derelict Logs Recovered . | . . . Drone Launches . | . . . Drone Recoveries . | . . . Exploration | -11 -10 -9 ------------- Run | Yrd Mat Mat Turns Passed 968 | 82 397 489 Spaces Moved 445 | 46 160 239 Core 12 | 3 . 9 Treads 402 | 43 160 199 Legs . | . . . Wheels 20 | . . 20 Hover . | . . . Flight 11 | . . 11 Fastest Speed 50 | 50 160 50 Average Speed 153 | 152 160 148 Slowest Speed 160 | 160 160 160 Overloaded Moves . | . . . Propulsion Burnouts . | . . . Robots Hopped . | . . . Potential Cave-ins . | . . . Cave-ins Triggered . | . . . Exploration Rate (%) 19 | 3 34 21 Regions Visited 2 Branch Regions . Pre-discovered Areas . | . . . Known Exits Taken . | . . . Unknown Exits Taken 2 | 1 1 . Scrap Searched . | . . . Spaces Dug . | . . . Terrain Destroyed . | . . . Melee . | . . . Projectile . | . . . AOE . | . . . Terrain Rammed . | . . . Walls Destroyed . | . . . Machines Disabled . | . . . Actions | -11 -10 -9 --------- Run | Yrd Mat Mat Total 612 | 55 233 324 Wait 35 | . 34 1 Move 443 | 45 159 239 Hop . | . . . Pick Up 6 | 4 1 1 Fast Attach 12 | 6 1 5 Attach 6 | . 1 5 Detach 4 | . 2 2 Swap 1 | . 1 . Drop . | . . . Fire 65 | . 34 31 Melee . | . . . Ram 29 | . . 29 Kick . | . . . Crush 11 | . . 11 Escape Stasis . | . . . Rewire . | . . . Trap . | . . . Miscellaneous . | . . . Route ------- -11/Scrapyard -10/Materials -9/Materials (discovered 2 exits: *Min x2) History --------- Turn | Location | Event 3 | -11/Scrapyard | Discovered new exit (range 16) 83 | -11/Scrapyard | Entered Materials 312 | -10/Materials | Build established: Mutant 408 | -10/Materials | Discovered new exit (range 6) 480 | -10/Materials | Entered another Materials area 480 | -9/Materials | Evolved 2 slots: Propulsion x1, Utility x1 595 | -9/Materials | Discovered new exit (range 14) 707 | -9/Materials | Core integrity fell below 50% 732 | -9/Materials | Core integrity fell below 20% 756 | -9/Materials | Lost 8 parts (1p3n1u3w) 902 | -9/Materials | Identified exit to Mines 969 | -9/Materials | Destroyed by S-10 Pest with Light Assault Rifle Last Messages --------------- installation itself is reinforced against explosives and kinetic weaponry that might otherwise inflict excessive collateral damage. Corresponding defensive measures have rendered it somewhat weak against thermal attacks. For emergency situations where an area has been overrun, or a garrison has been infiltrated, the entrance and inner tunnel may be permanently sealed to prevent passage and contain the threat. >>Access(Branch) Found 2 branch access points: (48,49) Mines (68,49) Mines Map updated. 00915_ Acquired 10 matter. 00942_ Acquired Com. Wheel. 00958_ K-01 Serf collects debris. 00962_ W-16 Scout destroyed. 00963_ K-01 Serf collects debris. Map ----- +----------------------------------------------------+ | ???????????????????????# """ #??# """%%# # | | ???????????????????????# """ #??# """ %# #### | | ???????????????????????# #??# =%=%+% #??? | | ???????????????????????# #??# ""% %# #??? | | ???????????????????????####+###### """%%# #??? | | ??????????????????????????# + """ %# #??? | | ??????????????????????????# ### %%%%# #??? | | ??????????????????????##### #?########## #??? | | ??????????????????????# #?????###??# #??? | | ??????????????????????# #???###T#### #??? | | ??????????????????????# %= #???# #??? | | ??????????????????????# %% #???# #??? | | ??????????????????????# #???# #??? | | ??????????????????????## #####???# ########### | | ???????????????????????# #???????# #?? # | | ???????????????????????# ak#???????# # # | | ???????????????????????# #???????# + # | | ???????????????????????# #???????# # # | | ???????????????????????# #???????# ########### | | ??????????????????????## ##?????## ## T # | | ??????????????????????# ####### # # | | ??????????????????????# # # | | ?????>????????????????# > % + # | | ??????????????????????# # # | | ??????????????????????# = ###+### # """"" # | | ??????????????????????###@#### ## ## """"" # | | ??????????????????????? %* ?# ## ## """"" # | | ????????????????????? # ## ## # | | ????????????????????# s # ## #########?# | | ????????????????????# s # ## #?????????? | | ????????????????????# s s # ## ?????????? | | ????????????????????# # ** ## ##????????? | | ????????????????????# # ** ## #?????????? | | ????????????????????# # * ## #?????????? | | ????????????????????# ####### #?????????? | | ????????????????????###+######?????# #?????????? | | ??????????????????????????????????? #?????????? | | ???????????????????????????????????? #?????????? | | ???????????????????????????????????? ??????????? | | ?????????????????????????????????????????????????? | | ?????????????????????????????????????????????????? | | ?????????????????????????????????????????????????? | | ?????????????????????????????????????????????????? | | ?????????????????????????????????????????????????? | | ?????????????????????????????????????????????????? | | ?????????????????????????????????????????????????? | | ?????????????????????????????????????????????????? | | ?????????????????????????????????????????????????? | | ?????????????????????????????????????????????????? | | ?????????????????????????????????????????????????? | +----------------------------------------------------+ Best States ------------- Heat Dissipation 28 Energy Generation 14 Energy Capacity 250 Matter Stores 300 Matter Capacity 300 Sight Range 16 Terrain Scan Density 10 Evasion (%) 44 Recoil Reduction 3 Item Schematics ----------------- None Robot Schematics ------------------ None Fabricated ------------ Nothing Repaired ---------- Nothing Studied --------- None Alien Tech Used ----------------- None Achievements -------------- None Challenges ------------ None Game ------ Seed ProjectileGatlingSpoofer Manual? 0 Play Time 00:10:12 Cumulative 45.9 hours Start 2026.06.28 @ 01:49:40 End 2026.06.28 @ 01:56:19 Sessions 1 Manual Loads 0 Difficulty Rogue Special Mode None Game No. 65 Rogue 33 Adventurer 32 Explorer 0 Win Type - Total 0 Types 0/0/0/0/0/0/0/0/0/0 Lore% 17 Gallery% 23 Achievement% 18 Wizard Run 0 Options --------- Layout 1 ASCII 0 Keyboard 0 Movement Numpad Keybinds 0 Fullscreen 1 Font 24/Smallcaps Map View 50x35 Zoom Use 0% Tactical HUD 1 Map Filters NONE Filters NONE Steam 1 RUN: bcf4c0e0-c515-4483-a792-70e5e925b542